[Event "56th Biel GMT Classical 2023"]
[White "Yu,Yangyi"]
[Black "Deac,Bogdan-Daniel"]
[Site "Biel"]
[Round "3.2"]
[Annotator "TA"]
[Result "1/2-1/2"]
[Date "2023.07.20"]
[WhiteElo "2735"]
[BlackElo "2693"]
[PlyCount "191"]
[TimeControl "60"]

1. c4 Nf6 2. d4 e6 3. Nc3 Bb4 4. Nf3 d5 5. e3 c5 6. Bd3 dxc4 7. Bxc4 Nc6 8. O-O O-O 9. a3 Ba5 10. Qd3 a6 11. dxc5 Qxd3 12. Bxd3 Bxc3 13. bxc3 Na5 $1 14. Nd2 Nd7 15. c6 Nxc6 16. a4 Rd8 17. Be2 b6 (17... Nc5 $11 )18. Nc4 Na5 (18... Nce5 $11 )19. Nxa5 $16 bxa5 20. Rd1 Bb7 21. Ba3 Bc6 22. Bd6 Nb6 23. Bc7 Rxd1+ 24. Bxd1 Nc4 25. Be2 Nb2 26. Bxa5 Nxa4 27. h4 h6 28. Rd1 Nc5 29. Bb4 Nb7 30. Rb1 a5 31. Ba3 a4 32. Rb6 Na5 33. c4 Rc8 34. Ra6 Ra8 $1 35. Rb6 Rc8 36. f3 e5 37. Kf2 f6 38. Bd3 Bd7 ({Black should try} 38... e4 39. Be2 (39. Bxe4 $2 {perishes.} Bxe4 40. Ra6 Ra8 $19 )(39. fxe4 Rd8 $11 )Kh7 )39. c5 $1 $16 Kf7 40. Ra6 $1 Nc6 41. Rxa4 Ke8 42. h5 Rb8 43. Ra6 Kd8 44. Be4 Kc7 45. Ke1 f5 46. Bc2 Bc8 47. Ra4 Be6 48. Kd2 Bb3 {[%emt 0:0:5] [#]} 49. Bxb3 $1 Rxb3 {[%emt 0:0:8] [#]} 50. Bc1 $1 Rb5 51. Ra8 Rxc5 52. Rg8 Rd5+ 53. Ke2 Rd7 54. Ba3 Nd8 55. Re8 Nc6 56. Rg8 Nd8 $1 57. Bb4 (57. Rf8 $142 )Kc6 $16 58. Ba5 Nb7 59. Bc3 Re7 60. Bb4 Nd6 61. Ra8 Rd7 62. Ra5 Nb5 63. Kf2 Rf7 64. Kg1 Rb7 65. Kh2 Kd5 66. Bf8 (66. Bc3 $14 )Kc4 $11 67. Kg1 Rf7 68. Ra8 Nc3 69. Bd6 e4 70. Be5 Nd1 71. Ra3 exf3 (71... Kb4 $11 {keeps the balance.} 72. Ra8 (72. Bd6+ Kc4 $14 )Nxe3 )72. gxf3 $16 Rb7 73. f4 (73. Kg2 $16 )Nb2 $1 $11 74. Kg2 Kd5 $1 75. Ra5+ Ke4 76. Bxb2 Rxb2+ 77. Kg3 Kxe3 78. Rxf5 Rb7 79. Kg4 Kd4 80. Ra5 Rf7 81. Re5 Kd3 82. Kg3 Kd4 83. Kf3 Ra7 84. Kg4 $1 Rf7 85. Kg3 Ra7 86. Kf3 Rf7 87. Kg4 Kd3 88. f5 Kd4 89. Kf4 Ra7 90. Re8 Kd5 91. Rd8+ Kc6 92. Rd1 Re7 93. Rd2 Kc7 94. f6 gxf6 95. Kf5 Rg7 96. Kxf6 1/2-1/2

[Event "56th Biel GMT Classical 2023"]
[White "Navara,David"]
[Black "Moussard,Jules"]
[Site "Biel"]
[Round "3.3"]
[Annotator "TA"]
[Result "1/2-1/2"]
[Date "2023.07.20"]
[WhiteElo "2689"]
[BlackElo "2654"]
[PlyCount "189"]
[TimeControl "60"]

1. Nf3 Nf6 2. c4 e6 3. g3 d5 4. Bg2 Be7 5. O-O O-O 6. d4 dxc4 7. Qc2 c6 8. Qxc4 b5 9. Qc2 Bb7 10. Rd1 Nbd7 11. Bg5 Qb6 12. Nbd2 Rfd8 13. a4 c5 14. axb5 Qxb5 15. Qb3 Qxb3 16. Nxb3 Bd5 17. Nxc5 Nxc5 18. dxc5 Bxc5 19. Ne5 Bxg2 20. Rxd8+ Rxd8 21. Kxg2 Rd5 22. Bxf6 gxf6 23. Nd3 Bb6 24. Rc1 f5 25. h3 Kg7 26. Rc8 Rb5 27. Rb8 e5 28. g4 Kf6 29. b4 e4 30. Nf4 fxg4 (30... Rxb4 $2 31. Nd5+ Ke6 32. Nxb4 $18 )31. hxg4 Kg5 (31... Rxb4 $2 32. Nd5+ Ke6 33. Nxb4 $18 )32. e3 Kxg4 33. Rb7 Rf5 34. Ne2 Rb5 35. Rxf7 Rxb4 36. Nc3 Kg5 37. Rxh7 Kf5 38. Kg3 Rc4 39. Nb5 Rc1 40. Rh5+ Ke6 41. Kf4 Rf1 42. Rh6+ Ke7 43. Kg3 Bxe3 44. fxe3 Rf3+ 45. Kg4 Rxe3 46. Kf5 Rf3+ 47. Ke5 e3 48. Nd4 (48. Nxa7 $2 {is the wrong capture.} e2 49. Nc8+ Kf8 50. Rh8+ Kg7 $19 )Rf7 49. Nf5+ Kd7 50. Nxe3 Re7+ 51. Kd4 Re6 52. Rh7+ Re7 53. Rh5 Re6 54. Nd5 Re1 55. Rh7+ Kd6 56. Rxa7 Rd1+ 57. Ke4 Re1+ 58. Ne3 Re2 59. Ra3 Re1 60. Kd4 Re2 61. Ra6+ Ke7 62. Nd5+ $1 Kf7 63. Ra7+ Kf8 64. Nf4 Re1 65. Kd5 Ke8 66. Kd6 Rd1+ 67. Nd5 Rd2 68. Re7+ Kf8 69. Rb7 Rd1 70. Rb3 (70. Ke5 $14 )Kf7 $11 71. Rf3+ Kg6 72. Ke6 Re1+ 73. Ne3 Kg5 74. Ke5 Kg6 75. Ke6 Kg5 76. Kf7 Ra1 77. Rf5+ Kh4 78. Kf6 Ra6+ 79. Ke5 Ra5+ 80. Nd5 Kg4 81. Rf4+ Kg3 82. Rb4 Kf3 83. Rb3+ Kg4 84. Rc3 Rb5 85. Ra3 Kh4 86. Ke4 Kg4 87. Ra7 Kg3 88. Rg7+ Kf2 89. Rf7+ Kg3 90. Rf3+ Kg4 91. Rf5 Kg3 92. Rf3+ Kg4 93. Ne3+ Kg5 94. Rf5+ Rxf5 95. Nxf5 1/2-1/2

[Event "56th Biel GMT Classical 2023"]
[White "Amin,Bassem"]
[Black "Erigaisi Arjun"]
[Site "Biel"]
[Round "3.4"]
[Annotator "TA"]
[Result "1-0"]
[Date "2023.07.20"]
[WhiteElo "2694"]
[BlackElo "2710"]
[PlyCount "109"]
[TimeControl "60"]

1. Nf3 d5 2. g3 Nf6 3. Bg2 e6 4. O-O Be7 5. d3 O-O 6. Nbd2 c5 7. e4 Nc6 8. Re1 dxe4 9. dxe4 e5 10. c3 Qc7 11. h3 {[%emt 0:22:45] C00: French: Unusual White 2nd moves.} Rd8 12. Qe2 h6 13. Nh4 {[%emt 0:0:35] The position is equal.} Be6 14. Nc4 b5 15. Ne3 Rab8 16. Nhf5 {[%emt 0:3:28][%cal Oe3d5] [#]} Bf8 $146 ({Predecessor:} 16... b4 17. Ng4 Kh7 18. Nxf6+ Bxf6 19. Qh5 Kg8 20. Qf3 Bxf5 {½-½ Gonzalez Custodio,R (2188)-Santos Santos,P (2167) ESP-chT Div 2 1999 (7)} )17. Qf3 Bxf5 18. Nxf5 Rb6 19. a4 Ne7 (19... a6 $14 )20. axb5 $16 Nxf5 21. exf5 Rxb5 22. Qc6 Qb8 {[%emt 0:5:26] Black is weak on the light squares} 23. Rxa7 {[%emt 0:7:0][%mdl 64] Deflection. White has more active pieces.} Rxb2 {[%emt 0:0:13] [#]} (23... Qxa7 $16 24. Qxb5 e4 )24. Rxf7 $3 $18 {[%emt 0:1:51][%mdl 576] Remove Defender} Rb6 25. Rb7 Rxb7 26. Qxb7 Qxb7 27. Bxb7 Rd3 (27... Rb8 $142 )28. c4 (28. Rxe5 $2 {is the wrong capture.} Rd1+ 29. Kg2 Rxc1 $19 )Bd6 29. Bc8 e4 30. Be3 Kf7 31. Be6+ Ke8 32. Ra1 {[%emt 0:1:0] Repels Ra3. Strongly threatening Ra8+.} Bxg3 (32... Be5 {might work better.} )33. Ra8+ Ke7 34. Bxc5+ {[%emt 0:0:22] A strong pair of Bishops.} Bd6 35. Ra7+ Kf8 36. Ra8+ Ke7 $1 37. Ra7+ Kf8 38. Bxd6+ Rxd6 {[%emt 0:0:6][%mdl 4096] Endgame KRB-KRN} 39. Rf7+ Ke8 40. Rxg7 Rd1+ 41. Kg2 Rd2 42. Kf1 {[%emt 0:2:38] Black must now prevent Ke1.} Rc2 43. Ke1 {[%emt 0:2:43] aiming for Kd1.} Nh5 44. Rg4 Ke7 45. Rxe4 Kf6 (45... Ng7 $142 46. Re2 Rc3 )46. Rh4 Kg5 47. Rg4+ Kf6 48. f3 Ke5 49. Re4+ Kf6 50. Rh4 Ng3 {[%emt 0:1:56] [#]} (50... Kg5 )51. Rxh6+ Kg5 52. Rg6+ Kf4 53. Kd1 Rf2 54. Rg4+ Kxf3 55. Bd5+ {[%emt 0:0:8] Excellently played by Amin!   Weighted Error Value: White=0.24 (precise) /Black=0.43} 1-0

[Event "56th Biel GMT Classical 2023"]
[White "Le,Quang Liem"]
[Black "Erigaisi Arjun"]
[Site "Biel"]
[Round "4.1"]
[Annotator "TA"]
[Result "1-0"]
[Date "2023.07.21"]
[WhiteElo "2728"]
[BlackElo "2710"]
[PlyCount "83"]
[TimeControl "60"]

1. d4 Nf6 2. Nf3 d5 3. c4 e6 4. Nc3 Nbd7 5. cxd5 exd5 6. Qc2 {[%emt 0:0:40] D35: Queen's Gambit Declined: Exchange Variation.} Bb4 7. a3 $5 {[%emt 0:0:53][%mdl 4] A promising side line.} Bxc3+ 8. bxc3 {[%emt 0:0:10] The position is equal.} c5 9. e3 O-O 10. Be2 $5 {[%emt 0:1:34][%mdl 4] Exploring less charted territory.} Qc7 {[%emt 0:1:50] [#]} 11. a4 $146 ({Predecessor:} 11. O-O b6 12. a4 Re8 13. a5 Bb7 14. Bb2 Rac8 15. axb6 axb6 16. Rfb1 Ne4 17. Bd3 {0-1 Kuzubov,Y (2640)-Efimenko,Z (2647) UKR-ch Lvov 2015 (5)} )c4 12. Nd2 b6 (12... Re8 $11 )13. O-O Re8 14. Re1 Bb7 15. Nf1 a6 (15... Nb8 $11 )16. f3 $14 b5 17. Ba3 bxa4 18. Qxa4 Bc6 19. Qc2 a5 20. Reb1 (20. Bd1 $16 )Nb6 21. Qd2 Nc8 22. Bd1 Nd6 23. Ng3 Re6 24. Bc2 g6 25. Bc5 (25. Bc1 $14 )Nb7 $11 26. Ba3 Rae8 (26... Nd6 $11 )27. Re1 $16 h5 28. Re2 a4 29. Rae1 (29. Nh1 $16 )Na5 $2 (29... h4 $11 {and Black has nothing to worry.} 30. Nh1 Na5 )30. e4 $18 dxe4 31. Nxe4 (31. Bxe4 $6 Nb3 32. Qg5 (32. Qh6 Bxe4 33. Nxe4 Rxe4 $16 )Bxe4 $16 )Bxe4 32. fxe4 (32. Bxe4 $6 Qd8 $14 )Nb3 {[%emt 0:0:20] [#]} (32... Ng4 $2 33. e5 $18 (33. Bxa4 $2 {is a self mate.} Qxh2+ 34. Kf1 Qh1# ))33. Qg5 ({Inferior is} 33. Bxb3 cxb3 34. Qd3 Rc6 $17 )Qb7 {[%emt 0:1:28][%cal Rf6e4] [#]} 34. Qf4 (34. e5 $1 $18 {[%cal Oc2g6] Strongly threatening Bxg6!} Nd5 35. Be4 )Kg7 (34... Nd5 $1 $11 35. Qf3 (35. exd5 $2 {perishes.} Rxe2 36. Rxe2 {[%mdl 64] Remove Defender} Rxe2 $19 )Nc7 )35. Qf3 Nh7 (35... Kg8 {might work better.} 36. d5 Ra6 )36. Qg3 Nf6 (36... f5 {was necessary.} 37. e5 Kh8 )37. e5 {[%emt 0:0:29] White is clearly winning.} Nd5 (37... Ng8 $142 38. Rf1 Rd8 )38. Rf2 R8e7 39. Ref1 Rd7 40. Be4 Kg8 41. Qf3 Re8 42. Bd6 {[%emt 0:0:49] Weighted Error Value: White=0.24 (precise) /Black=0.47} 1-0

[Event "56th Biel GMT Classical 2023"]
[White "Moussard,Jules"]
[Black "Amin,Bassem"]
[Site "Biel"]
[Round "4.2"]
[Annotator "TA"]
[Result "1/2-1/2"]
[Date "2023.07.21"]
[WhiteElo "2654"]
[BlackElo "2694"]
[PlyCount "74"]
[TimeControl "60"]

1. e4 e5 2. Nf3 Nc6 3. Bb5 a6 4. Ba4 Nf6 5. O-O Be7 6. Re1 b5 7. Bb3 d6 8. c3 O-O 9. h3 Nb8 10. d4 Nbd7 11. a4 Bb7 12. Nbd2 c5 13. Bc2 {[%emt 0:0:8] C95: Closed Ruy Lopez: Breyer Variation with 10 d4.} Qc7 14. Nf1 cxd4 15. cxd4 Rfc8 (15... Rac8 {with more complications.} 16. Ne3 Nxe4 17. Nf5 Qxc2 18. Nxe7+ Kh8 )16. Bb1 bxa4 {[%emt 0:4:45] [#]} 17. Bd2 $146 ({Predecessor:} 17. Rxa4 Bc6 18. Ra1 Qb7 19. Ng3 Bf8 20. d5 Bb5 21. Ne2 Nc5 22. Nc3 Be8 23. Bc2 {½-½ Fedorchuk,S (2599)-Postny,E (2609) Bundesliga 0607 2006 (6.3)} )exd4 18. Nxd4 Nc5 19. Nf5 {[%emt 0:48:1] Bc3 would be deadly.} Nb3 (19... Bxe4 20. Nxe7+ Qxe7 21. f3 $16 )(19... Bf8 $1 $11 {keeps the balance.} )20. Rxa4 $16 Nxd2 21. Nxe7+ Qxe7 22. Qxd2 Rc5 23. Rd4 Re8 24. Ng3 h5 25. b4 Re5 {[%emt 0:0:22] [#]} 26. f4 $1 ({Weaker is} 26. Rxd6 Nd5 27. f4 (27. Nf5 $2 Rxf5 $19 {[%mdl 64] Pin} )Qxd6 $15 )Rd5 27. Rxd5 Bxd5 28. e5 g6 {[%emt 0:5:5] Prevents Nf5} 29. Re2 $1 {[%emt 0:6:16] White is more active.} Qa7+ 30. Kh2 ({Better is} 30. Kh1 $1 $14 Bc4 31. Bd3 (31. exf6 Bxe2 32. Be4 Re6 $16 )Bxd3 32. Qxd3 dxe5 33. fxe5 )h4 $2 (30... dxe5 $11 31. fxe5 h4 )31. Nf5 $2 (31. exf6 $18 hxg3+ 32. Kxg3 Rxe2 33. Qxe2 )dxe5 $11 {[%emt 0:0:25] The position is equal.} 32. Nd6 Re6 33. fxe5 {[%emt 0:0:5] [#] Hoping for Bf5.} Qe7 34. Nc8 Qc7 {[%emt 0:0:53][%cal Oe6e5] White must now prevent ...Rxe5!} 35. Nd6 Qe7 36. Nc8 Qc7 {[%emt 0:0:32][%cal Oe6e5] Threatens to win with ...Rxe5!} 37. Nd6 Qe7 {[%emt 0:1:39] An interesting game.   Weighted Error Value: White=0.17 (very precise) /Black=0.20 (precise)} 1/2-1/2

[Event "56th Biel GMT Classical 2023"]
[White "Deac,Bogdan-Daniel"]
[Black "Navara,David"]
[Site "Biel"]
[Round "4.3"]
[Annotator "TA"]
[Result "1/2-1/2"]
[Date "2023.07.21"]
[WhiteElo "2693"]
[BlackElo "2689"]
[PlyCount "48"]
[TimeControl "60"]

1. c4 Nf6 2. Nc3 e5 3. e3 Bb4 4. Qb3 Bxc3 5. Qxc3 Qe7 6. a3 {[%emt 0:0:5] A22: English Opening: 1...e5 2 Nc3 Nf6.} d5 7. cxd5 Nxd5 {[%emt 0:0:7] [#]} 8. Qc2 $146 ({Predecessor:} 8. Qb3 Nb6 9. Qc2 a5 10. Nf3 O-O 11. d3 a4 12. b4 axb3 13. Qxb3 Na4 14. Be2 {0-1 Beshukov,S (2441)-Visser,H (2262) Vienna op 18th 2013 (4)} )O-O 9. b4 Bg4 10. Bb2 Nd7 11. Bd3 N5f6 12. h3 ({Of course not} 12. Qxc7 Rfc8 13. Qxb7 a5 $17 )Bh5 13. Ne2 a5 14. Ng3 {[%emt 0:4:24] Nxh5 would be deadly.} ({Don't play} 14. Qxc7 Rfc8 15. Qxb7 Qd6 $17 )Bg6 15. Bxg6 hxg6 16. b5 a4 17. O-O Ra5 18. Bc3 Rxb5 19. Qxa4 Rb6 20. Qc4 Rc6 21. Qb5 {[%emt 0:1:19] [#] Hoping for Bb4.} Rb6 22. Qc4 Rc6 23. Qb5 {[%emt 0:7:5] Threatens to win with Bb4.} Rb6 24. Qc4 Rc6 {[%emt 0:0:35] A rather calm draw.   Weighted Error Value: White=0.03 (flawless) /Black=0.02 (flawless)} 1/2-1/2

[Event "56th Biel GMT Classical 2023"]
[White "Keymer,Vincent"]
[Black "Yu,Yangyi"]
[Site "Biel"]
[Round "4.4"]
[Annotator "TA"]
[Result "1-0"]
[Date "2023.07.21"]
[WhiteElo "2690"]
[BlackElo "2735"]
[PlyCount "141"]
[TimeControl "60"]

1. d4 Nf6 2. c4 e6 3. Nf3 d5 4. g3 Be7 5. Bg2 O-O 6. Nc3 dxc4 7. Ne5 c5 8. dxc5 Qxd1+ 9. Nxd1 Bxc5 10. O-O Nd5 {[%emt 0:3:18] E06: Closed Catalan: Early deviations.} 11. Ne3 Bxe3 12. Bxe3 {[%emt 0:4:24] [#]} Nc6 $146 {[%emt 0:21:39] The position is equal.} ({Predecessor:} 12... c3 13. b4 Nd7 14. Nd3 b6 15. Bxd5 exd5 16. Rfc1 Ba6 17. Rxc3 Rfc8 18. Ra3 Bc4 {½-½ Harikrishna,P (2704)-Lysyj,I (2606) ChessKid Cup Div 3 W rapid 2023 (3.1)} )13. Nxc4 Rd8 (13... b6 $14 )14. Rfd1 $16 b5 15. Bg5 $1 {[%emt 0:8:39][%cal Oc4a5] Na5! would be deadly. A strong pair of Bishops.} f6 16. Ne3 Nce7 17. Nxd5 Nxd5 18. Bd2 f5 19. Ba5 Rd7 20. Rd4 Bb7 21. Re1 Re8 22. h4 Ree7 23. Red1 Bc6 24. R4d3 a6 25. R3d2 Bb7 26. Rc1 Kf7 27. Rdc2 h6 28. Re1 Nf6 29. Bxb7 Rxb7 30. Rc6 Ra7 31. Rd1 Red7 32. Rxd7+ Nxd7 {[%emt 0:0:1][%mdl 4096] Endgame KRB-KRN} 33. b3 Nf6 34. f3 Nd5 35. Kf2 Ne7 36. Rb6 Nd5 37. Rd6 Ke7 38. Rd8 Nf6 39. Rb8 Kd6 (39... Nd5 $16 )40. Bb4+ $18 Kc6 41. Bc3 Rf7 42. Bd4 Kd5 43. Bb2 Kc6 44. Bd4 Kd5 $1 45. Rd8+ Nd7 46. Bb2 e5 47. Ra8 {[%emt 0:5:8] White is more active.} Nc5 48. Ba3 Rf6 {[%emt 0:1:15] [#]} (48... f4 $16 49. Bxc5 Kxc5 )49. h5 $1 Rc6 {[%emt 0:6:43] [#]} 50. Ra7 $1 {[%emt 0:9:35] Prevents Nd7} g6 51. Rf7 gxh5 52. Rxf5 Nd7 53. Rxh5 a5 54. Be7 ({Less strong is} 54. e4+ Kd4 $14 )a4 55. Rh1 {[%emt 0:1:18] e4+ is the strong threat.} axb3 56. axb3 e4 57. f4 Re6 58. Bd8 Re8 59. Rh5+ Kd4 60. Ba5 {[%emt 0:0:0] Threatens to win with e3+.} Nf6 61. Rxb5 Ng4+ 62. Kg2 Ke3 63. Kf1 Rc8 $2 {[%emt 0:0:24] [#]} (63... Kd4 64. Ke1 Rc8 65. Rb4+ Kd5 )64. Rc5 $3 {[%emt 0:6:8][%mdl 512] White is clearly winning.} Rb8 65. Rd5 Nh2+ 66. Ke1 Nf3+ 67. exf3 Kxf3 68. b4 e3 69. f5 Rc8 70. Rc5 Rf8 71. Rc4 {[%emt 0:2:9] Weighted Error Value: White=0.08 (flawless) /Black=0.13 (very precise)} 1-0

[Event "56th Biel GMT Classical 2023"]
[White "Yu,Yangyi"]
[Black "Le,Quang Liem"]
[Site "Biel"]
[Round "5.1"]
[Annotator "TA"]
[Result "0-1"]
[Date "2023.07.24"]
[WhiteElo "2735"]
[BlackElo "2728"]
[PlyCount "72"]
[TimeControl "60"]

1. c4 e6 2. Nc3 d5 3. d4 Nf6 4. cxd5 exd5 5. Bg5 Bb4 6. e3 h6 7. Bh4 g5 {[%emt 0:0:11] D35: Queen's Gambit Declined: Exchange Variation.} 8. Bg3 Ne4 9. a3 Bxc3+ {[%emt 0:4:24] The position is equal.} 10. bxc3 h5 11. f3 Nxg3 (11... Nxc3 $2 12. Qc2 $18 )12. hxg3 Qe7 13. Kf2 {[%emt 0:0:47] [#]} Nd7 $146 ({Predecessor:} 13... Be6 14. g4 h4 15. Nh3 Nd7 16. Bd3 O-O-O 17. a4 Rhf8 18. Qc2 Kb8 19. a5 Rc8 {1-0 Salem,A (2633)-Harsha,B (2527) Wch Blitz Almaty 2022 (3)} )14. Bd3 {[%emt 0:11:49] Prevents f5.} (14. c4 $5 )Nf6 15. Qa4+ Bd7 16. Qb4 b6 17. Ne2 c5 18. Qb2 (18. dxc5 $11 bxc5 19. Qb2 )c4 $17 19. Bc2 {[%emt 0:4:12] [#]} O-O-O $1 20. Qb4 Qe6 {[%emt 0:3:29] ...Rhe8 is the strong threat.} 21. Rae1 Rde8 22. Ng1 a5 23. Qb1 Kc7 $36 {[%emt 0:0:50][%mdl 2048] Keeping White busy. Black is more active.} 24. e4 $2 {[%emt 0:19:14] White does not recover from this.} (24. Nh3 $17 )dxe4 $19 25. Bxe4 h4 26. gxh4 gxh4 {[%emt 0:4:5] aiming for ...Qd6.} (26... Rxh4 27. Rxh4 gxh4 28. Qc1 $15 )27. Qc1 $2 {[%emt 0:2:27] [#]} (27. Ne2 )Qd6 $1 {[%emt 0:0:22] And now ...Qg3+ would win.} 28. Nh3 Nh5 {[%emt 0:3:14] Wards off Qf4} ({Inferior is} 28... Nxe4+ 29. fxe4 Qg3+ 30. Kf1 $17 )29. Kg1 (29. Qg5 $142 f5 30. Bc2 Qg3+ {[%mdl 64] Skewer} 31. Qxg3+ hxg3+ 32. Kf1 Rxe1+ 33. Kxe1 )Qg3 {[%emt 0:7:32] Threatens to win with ...Rhg8.} 30. f4 Qg7 {[%emt 0:13:21] Strongly threatening ...Ng3.} 31. f5 Qg3 {[%emt 0:5:38][%cal Od7f5] Prevents Nf4.} 32. Re3 Qd6 33. Rh2 (33. Bf3 $142 Rxe3 34. Qxe3 )Ng3 34. Bf3 Qh6 ({Worse is} 34... Bxf5 35. Rxe8 Rxe8 36. Ng5 $15 (36. Nf4 $2 Be4 $17 ))35. Re1 Rxe1+ 36. Qxe1 Re8 {[%emt 0:0:10] Weighted Error Value: White=0.72/Black=0.19 (very precise)} ({Weaker is} 36... Nxf5 37. Qe5+ Kc8 38. Qf4 $17 )0-1

[Event "56th Biel GMT Classical 2023"]
[White "Navara,David"]
[Black "Keymer,Vincent"]
[Site "Biel"]
[Round "5.2"]
[Annotator "TA"]
[Result "1/2-1/2"]
[Date "2023.07.24"]
[WhiteElo "2689"]
[BlackElo "2690"]
[PlyCount "103"]
[TimeControl "60"]

1. e4 e5 2. Nf3 Nc6 3. Bb5 a6 4. Ba4 Nf6 5. O-O Be7 6. Re1 b5 7. Bb3 O-O 8. a4 b4 9. d3 d6 10. c3 Rb8 11. Nbd2 Na5 12. Ba2 c5 13. d4 {[%emt 0:0:43] C88: Closed Ruy Lopez: Anti-Marshall Systems.} cxd4 14. cxd4 Bb7 15. d5 {[%emt 0:2:36] [#]} Nd7 $146 ({Predecessor:} 15... Bc8 16. Nc4 Bg4 17. Nxa5 Qxa5 18. Bc4 Rfc8 19. Bf1 Bd8 20. h3 Bxf3 21. Qxf3 Bb6 {½-½ Lemutov,I (2390)-Astroukh,V (2474) BLR-ch15 email 2018} )16. Nc4 Nxc4 17. Bxc4 Rc8 18. b3 Qa5 (18... Nb6 $11 )19. Be3 Bd8 20. Rc1 Bb6 21. Qd2 (21. Bd2 $5 )Nf6 22. Bxb6 Qxb6 23. Nh4 {[%emt 0:0:17] Nf5 is the strong threat.} a5 24. Nf5 Qd8 $1 {[%emt 0:1:21] [#]} 25. Qg5 {[%emt 0:11:21] White is much more active.} (25. f4 $1 $16 )g6 $11 26. f4 exf4 27. e5 ({White should try} 27. Nd4 $11 )dxe5 $15 (27... Nxd5 $2 28. Qxd8 Rfxd8 29. Bxd5 Rxc1 30. Rxc1 Bxd5 31. Ne7+ Kg7 32. Nxd5 $18 )28. d6 Nd7 29. Ne7+ Kg7 $1 {[%emt 0:3:8] ...Qb6+ would be deadly.} 30. Rxe5 $2 (30. Nf5+ $15 Kh8 31. Qxd8 Rcxd8 32. Nh6 )Nxe5 $2 ({Black should play} 30... f6 $19 31. Nf5+ Kh8 )31. Qxe5+ $11 f6 32. Qd4 {[%emt 0:0:51] Chess con chili.} Rc7 {[%emt 0:6:51][%mdl 64] [#] Pin} 33. Re1 Rd7 34. Re6 Rf7 35. Qxf4 Ba6 {[%emt 0:4:20][%mdl 64] Decoy} 36. Bxa6 Qb6+ 37. Qe3 Qxa6 38. Kf2 Qb7 ({Much worse is} 38... Rxd6 39. Nf5+ gxf5 40. Qg3+ Kh6 41. Qf4+ (41. Qxd6 Qxd6 42. Rxd6 Kg5 $15 )(41. Rxd6 Qa7+ 42. Kf1 Qc5 $11 )Kg7 42. Qg3+ Kh6 43. Rxd6 (43. Qxd6 Qxd6 44. Rxd6 Kg5 $15 )Qa7+ 44. Kf1 $11 )39. h4 h5 (39... Rf8 $5 )40. Qc5 {[%emt 0:0:0] The position is equal.} Qa7 41. Qxa7 Rxa7 {[%emt 0:3:2][%mdl 4096] Endgame KRR-KRN} 42. Ke3 Rf8 43. Kd4 Kf7 44. Kd5 Re8 {[%emt 0:12:46] Strongly threatening ...Rd7.} 45. Nc6 $1 {[%emt 0:0:39] Intending Rxe8 and mate.} Rxe6 46. Nd8+ Ke8 47. Nxe6 g5 48. Kc6 gxh4 {[%emt 0:3:54] And now ...Rh7 would win.} 49. Nc7+ Kd8 {[%emt 0:0:3] aiming for ...f5.} 50. Ne6+ $1 Ke8 {[%emt 0:3:17] Threatens to win with ...Rh7.} (50... Kc8 $5 51. Nc5 $8 Kd8 52. Ne6+ (52. Nb7+ $2 Rxb7 53. Kxb7 f5 $19 )Ke8 53. Nc7+ Kd8 54. Ne6+ $11 )51. Nc7+ Kd8 {[%emt 0:0:5] White must now prevent ...f5.} 52. Ne6+ $1 {[%emt 0:0:6] An exciting game.   Weighted Error Value: White=0.16 (very precise) /Black=0.25 (precise)} 1/2-1/2

[Event "56th Biel GMT Classical 2023"]
[White "Amin,Bassem"]
[Black "Deac,Bogdan-Daniel"]
[Site "Biel"]
[Round "5.3"]
[Annotator "TA"]
[Result "1/2-1/2"]
[Date "2023.07.24"]
[WhiteElo "2694"]
[BlackElo "2693"]
[PlyCount "85"]
[TimeControl "60"]

1. Nf3 c5 2. g3 Nc6 3. Bg2 d5 4. d4 Nf6 5. O-O e6 6. c4 dxc4 7. dxc5 Qxd1 8. Rxd1 Bxc5 9. Nbd2 c3 10. bxc3 O-O 11. Nb3 Be7 {[%emt 0:0:1] E04: Open Catalan: 5 Nf3.} 12. Nfd4 Nxd4 13. cxd4 Nd5 14. Bd2 f5 15. Na5 Bf6 16. Rac1 b6 17. Nc6 Bb7 18. Rc2 Rfc8 19. Rdc1 Kf7 {[%emt 0:0:25] [#]} 20. Ne5+ $146 ({Predecessor:} 20. e3 Ke8 21. e4 fxe4 22. Bxe4 Bxc6 23. Rxc6 Rxc6 24. Rxc6 Kd7 25. Rc2 g6 26. Be3 {½-½ Sasikiran,K (2676)-Wojtaszek,R (2734) New Delhi AICF AAI Cup 2012 (9)} )Bxe5 21. dxe5 Rxc2 22. Rxc2 Rc8 23. Rxc8 Bxc8 $14 {[%emt 0:0:2][%mdl 4096] Endgame KBB-KBN} 24. e4 fxe4 25. Bxe4 Ba6 26. h4 ({Much weaker is} 26. Bxh7 g6 27. Bh6 Nb4 $11 )g6 27. Kg2 Bc4 28. a3 Ne7 29. f3 Bd5 30. Bd3 Nf5 31. Kf2 Nd4 32. f4 (32. Bc3 $5 Nf5 33. a4 $14 )h5 {[%emt 0:0:46] The position is equal.} 33. Bb4 Nf5 34. Bd6 {[%emt 0:0:39] Black should prevent Bb8.} Ke8 35. Bxf5 gxf5 $11 {[%emt 0:0:13] KB-KB} 36. Ke3 Kd7 37. Kd4 Kc6 38. Bf8 a5 39. Be7 Bf3 40. Bd8 Kb5 41. Bc7 Bg4 42. Bd8 Bd1 43. Bc7 {[%emt 0:0:5] Weighted Error Value: White=0.03 (flawless) /Black=0.03 (flawless)} 1/2-1/2

[Event "56th Biel GMT Classical 2023"]
[White "Erigaisi Arjun"]
[Black "Moussard,Jules"]
[Site "Biel"]
[Round "5.4"]
[Annotator "TA"]
[Result "1/2-1/2"]
[Date "2023.07.24"]
[WhiteElo "2710"]
[BlackElo "2654"]
[PlyCount "86"]
[TimeControl "60"]

1. d4 Nf6 2. c4 e6 3. Nc3 d5 4. cxd5 exd5 5. Bg5 Be7 6. e3 h6 7. Bh4 Bg4 {[%emt 0:0:14] D35: Queen's Gambit Declined: Exchange Variation.} 8. f3 Be6 9. Bd3 O-O {[%emt 0:0:59] White has an edge.} 10. Nge2 c5 11. O-O Nc6 {[%emt 0:0:46][%cal Bb8c6,Bc6a5,Ba5c4,Bc4e3][%mdl 32] [#]} 12. Kh1 $146 ({Predecessor:} 12. Rc1 cxd4 13. exd4 Rc8 14. Kh1 Qd7 15. Na4 b6 16. Ba6 Rc7 17. Bb5 Rfc8 18. Ba6 {½-½ David,A (2540)-Parligras,M (2556) FRA-chT Top 16 Gp Haute 2023 (2.3)} )cxd4 13. exd4 Qd7 14. Qb3 Rfe8 15. Rad1 Rac8 16. a3 Na5 17. Qa2 Nc4 18. Nf4 Ne3 (18... g5 {simplifies} 19. Bxc4 dxc4 20. Nxe6 gxh4 21. Nc5 Bxc5 22. dxc5 Qe6 )19. Bb5 Rc6 (19... Qc7 $5 20. Nxe6 fxe6 $11 )20. Nxe6 {[%emt 0:3:24] [#] Nc5 is the strong threat.} Nxd1 21. Rxd1 {[%emt 0:0:34] Hoping for Nc5.} Qxe6 22. Re1 Qd7 23. Qb1 Bd8 24. Bg3 (24. Bxc6 {simplifies} Rxe1+ 25. Qxe1 bxc6 26. Na4 )Ba5 25. Bxc6 Qxc6 26. Rxe8+ Nxe8 27. Ne2 Bc7 28. Qc1 Qxc1+ 29. Nxc1 Bxg3 30. hxg3 $11 {[%emt 0:0:4][%mdl 4096] Endgame KN-KN} h5 31. Kg1 g6 32. Nd3 {[%emt 0:0:27] The position is equal.} Kf8 33. Nf4 Nc7 34. Kf2 Ke7 35. Ke3 Kd6 36. Nd3 g5 37. g4 h4 38. f4 f6 $1 39. fxg5 fxg5 40. Ne5 Ne6 41. a4 a5 42. Nf3 Ke7 43. Kf2 Kf6 {[%emt 0:1:0] Weighted Error Value: White=0.06 (flawless) /Black=0.05 (flawless)} 1/2-1/2